 Dungeon Crawl Stone Soup version 0.21.1-1-g345015f (webtiles) character file.

7624 sanboga the Cleaver (level 11, -5/72 HPs)
             Began as a Gargoyle Berserker on May 6, 2018.
             Was a High Priest of Trog.
             Killed by Ozocubu's Refrigeration
             ... invoked by Fannar
              (21 damage)
             ... on level 11 of the Dungeon.
             The game lasted 00:19:51 (9532 turns).

sanboga the Cleaver (Gargoyle Berserker)            Turns: 9532, Time: 00:19:51

Health: -5/72      AC: 29    Str: 25    XL:     11   Next: 18%
Magic:  11/11      EV:  8    Int:  9    God:    Trog [*****.]
Gold:   137        SH:  0    Dex:  9    Spells: 10/10 levels left

rFire    . . .     SeeInvis .   a - +1 hand axe (flame)
rCold    . . .     Gourm    .   (no shield)
rNeg     + . .     Faith    .   E - +0 plate armour
rPois    ∞         Spirit   .   j - +1 helmet
rElec    +         Reflect  .   (no cloak)
rCorr    .         Harm     .   F - +1 pair of gloves {archery}
MR       +....                  i - +1 pair of boots
Stlth    ..........             (no amulet)
HPRegen  0.22/turn              o - +2 ring of strength
MPRegen  0.12/turn              k - ring of protection from magic

@: berserk cooldown, slowed, very slow
A: negative energy resistance 1, electricity resistance, unbreathing,
petrification resistance, rot immunity, AC +8
a: Berserk, Trog's Hand, Brothers in Arms, Burn Spellbooks, Renounce Religion


You were on level 11 of the Dungeon.
You worshipped Trog.
Trog was extremely pleased with you.
You were not hungry.

You visited 1 branch of the dungeon, and saw 11 of its levels.

You collected 618 gold pieces.
You spent 481 gold pieces at shops.

Inventory:

Hand Weapons
 a - a +1 hand axe of flaming (weapon)
 g - a +2 war axe of venom
Armour
 i - a +1 pair of boots (worn)
 j - a +1 helmet (worn)
 E - a +0 plate armour (worn)
 F - a +1 pair of gloves of archery (worn)
Jewellery
 k - a ring of protection from magic (right hand)
 o - a +2 ring of strength (left hand)
 u - an uncursed ring of ice
 z - an uncursed ring of flight
 G - an uncursed ring of protection from fire {unknown}
Wands
 b - a wand of iceblast (13)
 h - a wand of flame (33)
 r - a wand of scattershot (5)
 A - a wand of paralysis (19)
 D - a wand of polymorph (18)
Scrolls
 f - a scroll of enchant weapon
 m - a scroll of enchant armour
 v - 2 scrolls of remove curse
 y - a scroll of magic mapping
 B - a scroll of teleportation
 C - a scroll of summoning
Potions
 d - a potion of heal wounds
 e - 5 potions of haste
 l - 2 potions of lignification
 n - 2 potions of cancellation
 p - 3 potions of might
 q - 2 potions of mutation
 s - 4 potions of curing
 w - a potion of agility
 x - 3 potions of invisibility
Books
 t - a book of Minor Magic

   Spells                             Type                      Level
   a - Magic Dart                     Conjuration                  1
   b - Blink                          Translocation                2
   c - Call Imp                       Summoning                    2
   d - Slow                           Hexes                        2
   e - Conjure Flame                  Conjuration/Fire             3
   f - Mephitic Cloud                 Conjuration/Poison/Air       3
   Trog disapproves of the use of such an item.
Comestibles
 c - 17 rations


   Skills:
 + Level 9.9 Fighting
 * Level 11.1 Axes
 + Level 9.5 Armour
 - Level 2.0 Dodging


You had 10 spell levels left.
You didn't know any spells.

Dungeon Overview and Level Annotations

Branches:
Dungeon (11/15)            Temple (0/1) D:4            Lair (0/6) D:8
    Orc (0/2) D:11

Altars:
Dithmenos
Elyvilon
Hepliaklqana
Kikubaaqudgha
Makhleb
Qazlal
Vehumet
Wu Jian
Xom
Yredelemnul
Zin
The Shining One

Shops:
D:5 [((*   D:7 =   D:9 %   D:10 *

Portals:
Labyrinth: D:11

Annotations:
D:11 Fannar


Innate Abilities, Weirdness & Mutations

You are resistant to torment.
Your stone body is resilient. (AC +8)
You are immune to poison.
You resist negative energy. (rN+)
You are resistant to electric shocks. (rElec)
You can survive without breathing.
You are immune to petrification.
You are immune to rotting.


Message History

* * * LOW HITPOINT WARNING * * *
Fannar is frozen.
Fannar resists.
Fannar is severely wounded.
You slash Fannar! You burn Fannar.
Fannar is almost dead.
You completely miss Fannar.
Fannar is almost dead.
Fannar mumbles some strange words.
Fannar blinks!
You feel a strong urge to attack something.
You are no longer berserk.
You are exhausted.
You feel yourself slow down.
Fannar glares icily.
Fannar mumbles some strange words.
Fannar blinks!
Fannar mumbles some strange words.
Fannar drains the heat from the surrounding environment!
You feel very cold.
You die...

,,,,***,*,,,,,,,#..##.#.#.......#
***** *,*,,,,,,,*#.##.#.#.......#
*******,******####..#.#.#.......#
,,,,,**,*,,,,,.%........#.......#
*******,*******####.#.#.#.......#
* *,* #.#.#.#####.### *******,*
#.#.#.# #.#** ,,,,,**,*
#########§..#.# *,,,, *******,*
#....∩@.....#.#****,*** * *,*
#.e.........#.#*>**,* * *,*
#...........#.#*,**,* **** *,*
#....§......#,*,,,,,*
,,,****,**#.........#>..*,,,,,*
,,,*,,,,,...........###.#,,,,,*
,,,******#..........# *.#,,,,,*
,,,* #.#######.## *,#,,,,,* ,,,*
***,*******,* *,*,,,,,*


You could see Fannar.

Vanquished Creatures
  A hydra (D:11)
  A two-headed ogre (D:8)
  A hippogriff (D:10)
  Eustachio (D:5)
  A wraith (D:7)
  2 wyverns (D:9)
  A soldier ant (D:10)
  Edmund (D:5)
  2 water moccasins (D:7)
  4 porcupines (D:8)
  An orc warrior (D:9)
  2 black bears
  3 ice beasts
  5 wolves (D:8)
  6 centaurs
  2 ogres
  3 crocodiles
  A big kobold (D:10)
  3 bullfrogs
  A wyvern skeleton (D:6)
  A water moccasin zombie (D:9)
  4 scorpions
  A water moccasin skeleton (D:10)
  6 killer bees
  14 wights
  4 howler monkeys
  A crimson imp (D:5)
  A centaur zombie (D:6)
  3 orc priests
  3 bullfrog skeletons
  An iguana (D:7)
  5 hounds
  4 centaur skeletons
  8 orc wizards
  2 worker ants
  Natasha (thrice) (D:3)
  4 hound skeletons
  2 worker ant zombies
  Robin (D:3)
  7 gnolls
  13 adders
  2 shadow imps (D:6)
  3 adder skeletons
  4 dart slugs
  3 leopard geckos
  29 orcs
  3 ball pythons
  5 giant cockroaches
  13 goblins
  9 hobgoblins
  9 jackals
  6 quokkas
  A ball python skeleton (D:5)
  5 bats
  3 frilled lizards
  11 kobolds
  A quokka skeleton (D:7)
  2 quokka zombies (D:6)
  10 rats
249 creatures vanquished.

Vanquished Creatures (others)
  A human (D:3)
1 creature vanquished.

Grand Total: 250 creatures vanquished

Notes
Turn   | Place    | Note
-------+----------+-------------------------------------------
     0 | D:1      | sanboga the Gargoyle Berserker began the quest for the Orb.
     0 | D:1      | Reached XP level 1. HP: 14/14 MP: 1/1
   174 | D:1      | Reached XP level 2. HP: 19/19 MP: 2/2
   663 | D:1      | Reached skill level 3 in Axes
   663 | D:1      | Reached XP level 3. HP: 13/23 MP: 3/3
  1024 | D:2      | Noticed an angel
  1025 | D:2      | Found a glowing silver altar of Zin.
  1059 | D:2      | Reached ** piety under Trog
  1289 | D:2      | Found an ornate altar of the Wu Jian Council.
  1448 | D:2      | Reached XP level 4. HP: 29/29 MP: 4/4
  1821 | D:3      | Noticed Robin
  1821 | D:3      | Noticed Natasha
  1833 | D:3      | Killed Natasha
  1834 | D:3      | Killed Robin
  1840 | D:3      | Noticed Natasha
  1855 | D:3      | Killed Natasha
  1855 | D:3      | Reached XP level 5. HP: 33/33 MP: 5/5
  1910 | D:3      | Reached skill level 4 in Axes
  1929 | D:3      | Reached *** piety under Trog
  2016 | D:3      | Noticed Natasha
  2031 | D:3      | Killed Natasha
  2167 | D:3      | You fall through a shaft for 2 floors!
  2167 | D:5      | Entered Level 5 of the Dungeon
  2167 | D:5      | Found Fukh's Antique Weapon Emporium.
  2167 | D:5      | Noticed a centaur
  2170 | D:5      | Killed a centaur
  2170 | D:5      | Reached XP level 6. HP: 39/39 MP: 6/6
  2561 | D:3      | Found an ancient bone altar of Kikubaaqudgha.
  2561 | D:3      | Noticed a human
  2565 | D:3      | Killed a human
  2927 | D:4      | Reached skill level 5 in Fighting
  2927 | D:4      | Reached skill level 5 in Axes
  2958 | D:4      | Found a staircase to the Ecumenical Temple.
  3359 | D:5      | Found a glowing golden altar of the Shining One.
  3465 | D:5      | Reached XP level 7. HP: 44/44 MP: 7/7
  3525 | D:5      | Found a shimmering altar of Xom.
  3527 | D:5      | Found a hazy altar of Hepliaklqana.
  3528 | D:5      | Noticed a spectral ugly thing
  3631 | D:5      | Found Cytaod's Antique Armour Boutique.
  3747 | D:5      | Found Fumn's Assorted Antiques.
  3761 | D:5      | Bought a scroll of identify for 44 gold pieces
  3761 | D:5      | Bought a scroll labeled YKENNI UCIBICI for 22 gold pieces
  3776 | D:5      | Noticed Eustachio
  3793 | D:5      | Killed Eustachio
  3793 | D:5      | Reached skill level 6 in Axes
  3793 | D:5      | Reached skill level 5 in Armour
  3922 | D:5      | Noticed Edmund
  3936 | D:5      | Killed Edmund
  3936 | D:5      | Reached XP level 8. HP: 51/51 MP: 8/8
  3948 | D:5      | Found a stormy altar of Qazlal.
  4162 | D:5      | Found Beletokki's Antique Weapon Emporium.
  4236 | D:5      | Bought a runed war axe for 175 gold pieces
  4253 | D:6      | Reached **** piety under Trog
  4619 | D:6      | Reached skill level 7 in Axes
  5078 | D:7      | Reached XP level 9. HP: 33/56 MP: 9/9
  5256 | D:7      | Reached skill level 8 in Axes
  5453 | D:7      | Found Donuan's Jewellery Shop.
  5941 | D:6      | Reached ***** piety under Trog
  6318 | D:8      | Noticed a two-headed ogre
  6330 | D:8      | Killed a two-headed ogre
  6330 | D:8      | Reached skill level 9 in Axes
  6456 | D:8      | Reached XP level 10. HP: 32/64 MP: 10/10
  6677 | D:8      | Found a staircase to the Lair.
  6864 | D:8      | Found a shadowy altar of Dithmenos.
  7093 | D:8      | Found a white marble altar of Elyvilon.
  7414 | D:9      | Reached skill level 10 in Axes
  7546 | D:9      | Received a gift from Trog
  7570 | D:9      | Found a radiant altar of Vehumet.
  7570 | D:9      | Found a basalt altar of Yredelemnul.
  7579 | D:9      | Found a faded altar of an unknown god.
  7585 | D:9      | Found a burning altar of Makhleb.
  7587 | D:9      | Found a faded altar of an unknown god.
  7665 | D:9      | Found Racwiuvi's Food Shop.
  8376 | D:10     | Entered Level 10 of the Dungeon
  8569 | D:10     | Reached XP level 11. HP: 71/71 MP: 11/11
  9052 | D:5      | Bought a pair of runed gloves for 240 gold pieces
  9079 | D:5      | You fall through a shaft for 3 floors!
  9181 | D:10     | Found Pouhu's Assorted Antiques.
  9368 | D:11     | Noticed a seven-headed hydra
  9379 | D:11     | Killed a one-headed hydra
  9379 | D:11     | Reached skill level 11 in Axes
  9517 | D:11     | Noticed Fannar
  9518 | D:11     | Found a labyrinth entrance.
  9532 | D:11     | Killed from afar by Fannar

Skill      XL: |  1  2  3  4  5  6  7  8  9 10 11 |
---------------+----------------------------------+-----
Axes           | 3 4 5 6 7 9 10 11 | 11.1
Dodging        | 2 |  2.0
Armour         | 3 4 5 6 7 9 |  9.5
Fighting       | 4 5 6 8 9 |  9.9

Action                   |  1- 3 |  4- 6 |  7- 9 | 10-12 || total
-------------------------+-------+-------+-------+-------++-------
Melee: Hand axe          |   132 |   183 |    77 |    26 ||   418
       War axe           |       |       |   219 |   243 ||   462
Invok: Berserk           |       |     2 |     1 |     2 ||     5
Evoke: Wand              |       |       |     1 |       ||     1
  Use: Scroll            |     5 |    12 |     9 |     3 ||    29
       Potion            |       |     2 |       |       ||     2
 Stab: Sleeping          |     1 |       |       |       ||     1
  Eat: Chunk             |     2 |     8 |     8 |     9 ||    27
       Ration            |       |       |     1 |     1 ||     2
Armor: Animal skin       |    49 |       |       |       ||    49
       Scale mail        |    37 |   116 |    25 |       ||   178
       Chain mail        |       |       |   199 |   207 ||   406
       Plate armour      |       |       |       |    65 ||    65
Dodge: Dodged            |    90 |   106 |   163 |   179 ||   538
